 Dungeon Crawl Stone Soup version 0.17-a0-1760-ga6756ae (webtiles) character file.

3635 Izanagi the Thaumaturge (level 10, 0/44 HPs)
             Began as a Vine Stalker Air Elementalist on Sept 3, 2015.
             Was an Elder of Nemelex Xobeh.
             Slain by an orc warrior
             ... wielding a +0 war axe
              (21 damage)
             ... on level 9 of the Dungeon.
             The game lasted 01:25:53 (9400 turns).

Izanagi the Thaumaturge (VSAE)                      Turns: 9400, Time: 01:25:53

Health: 0/44       AC:  5    Str: 10    XL:     10   Next: 11%
Magic:  0/24       EV: 12    Int: 18    God:    Nemelex Xobeh [****..]
Gold:   477        SH:  0    Dex: 16    Spells: 5 memorised, 14 levels left

rFire  . . .     SeeInvis .     (no weapon)
rCold  . . .     Clarity  .     C - +2 robe {MR+}
rNeg   . . .     SustAt   .     (no shield)
rPois  .         Gourm    .     (no helmet)
rElec  .         Spirit   +     (no cloak)
rCorr  .         Warding  .     (no gloves)
rMut   .         Stasis   +     (no boots)
MR     ++...                    I - amulet of stasis
Stlth  +++.......               M - +1 ring of protection
                                g - ring of wizardry

@: repel missiles, very resistant to hostile enchantments, fairly stealthy
A: fangs 3, regeneration 2, magic shield, antimagic bite, no device heal 3, rot
immunity
a: Triple Draw, Deal Four, Renounce Religion


You were on level 9 of the Dungeon.
You worshipped Nemelex Xobeh.
Nemelex Xobeh was greatly pleased with you.
You were not hungry.

You visited 1 branch of the dungeon, and saw 9 of its levels.
You also visited: Ossuary.

You collected 535 gold pieces.

Inventory:

Hand weapons
 d - a +1 hunting sling of evasion
 s - a +0 blowgun
 K - a +0 hand crossbow
Missiles
 f - 63 bolts
 i - 8 steel bolts
 l - 50 sling bullets
 q - 53 poisoned needles
 r - 357 stones (quivered)
 v - 8 arrows of flame
 P - 3 curare-tipped needles
 Q - 14 needles of sleeping
Armour
 a - a +2 robe
 C - a +2 robe of magic resistance (worn)
Jewellery
 g - a ring of wizardry (left hand)
 t - an uncursed amulet of regeneration
 A - an uncursed amulet of resist corrosion
 I - an amulet of stasis (around neck)
 M - a +1 ring of protection (right hand)
 N - an uncursed ring of invisibility
Magical devices
 z - a wand of slowing (22)
Scrolls
 c - 4 scrolls of noise
 p - 2 scrolls of remove curse
 y - 2 scrolls of magic mapping {unknown}
 B - 3 scrolls of recharging {unknown}
 G - 3 scrolls of teleportation {unknown}
 H - 4 scrolls of amnesia {unknown}
 O - 4 scrolls of fog {unknown}
 U - a scroll of enchant armour
Potions
 e - 3 potions of agility
 h - 4 potions of ambrosia
 j - a potion of invisibility
 m - a potion of mutation
 o - 3 potions of berserk rage {unknown}
 w - 2 potions of might
 x - a potion of brilliance {unknown}
 D - a potion of flight {unknown}
 E - 3 potions of lignification {unknown}
 F - a potion of haste {unknown}
 J - 3 potions of curing
 S - a potion of cancellation {unknown}
Books
 b - a book of Air

   Spells                             Type                      Level
   a - Shock                          Conjuration/Air              1
   b - Swiftness                      Charms/Air                   2
   c - Repel Missiles                 Charms/Air                   2
   d - Static Discharge               Conjuration/Air              3
   e - Lightning Bolt                 Conjuration/Air              5
Miscellaneous
 k - a plain deck of escape {drawn: 4}
 u - a legendary deck of destruction {drawn: 3}
 R - a plain deck of destruction {drawn: 6}
Comestibles
 n - 3 chunks of flesh


   Skills:
 - Level 1.5 Dodging
 - Level 3.9 Stealth
 - Level 0.4 Unarmed Combat
 * Level 9.4 Spellcasting
 + Level 5.7 Conjurations
 - Level 0.2 Charms
 * Level 9.3 Air Magic
 - Level 0.3 Evocations


You had 14 spell levels left.
You knew the following spells:

 Your Spells              Type           Power        Failure   Level  Hunger
a - Shock                 Conj/Air       ####         1%          1    None
b - Swiftness             Chrm/Air       ####....     1%          2    None
c - Repel Missiles        Chrm/Air       ####..       1%          2    None
d - Static Discharge      Conj/Air       #####...     1%          3    None
e - Lightning Bolt        Conj/Air       #####.....   6%          5    #####..


Dungeon Overview and Level Annotations

Branches:
Dungeon (9/15)             Temple (0/1) D:4
   Lair: D:8-11         Orc: D:9-12

Altars:
Fedhas
Gozag
Nemelex Xobeh
Qazlal
Trog
Vehumet
Yredelemnul

Shops:
D:5 [

Annotations:
D:9 exclusion: big kobold


Innate Abilities, Weirdness & Mutations

You have razor-sharp teeth.
You heal very quickly.
When hurt, damage is shared between your health and your magic reserves.
Your bite disrupts and absorbs the magic of your enemies.
Potions and wands cannot restore your health.
You are immune to rotting.


Message History

The orc warrior is severely wounded.
The orc warrior misses you.
Casting: Shock
Confirm with . or Enter, or press ? or * to list all spells.
Aiming: Shock
Press: ? - help, Shift-Dir - straight line, f/p - orc warrior
Aim: an orc warrior, wielding a war axe and wearing a plate armour (severely wounded)
The zap hits the orc warrior.
The orc warrior is severely wounded.
The orc warrior drinks a potion.
The orc warrior is healed!
Casting: Shock
Confirm with . or Enter, or press ? or * to list all spells.
Aiming: Shock
Press: ? - help, Shift-Dir - straight line, f/p - orc warrior
Aim: an orc warrior, wielding a war axe and wearing a plate armour (heavily wounded)
The zap hits the orc warrior.
The orc warrior is severely wounded.
The orc warrior hits you with a war axe!!
You die...
Your body glows with a rainbow of weird colours and disappears.

### #.# ##.> ..###
###.####### #'# ..'.#
#.........### ..
..#.#####...........[ ..#
..............# ..#
#####.........# ..#
#.......s.# ### ########.##
.# ###@# .# #.o.# '##
####'### ..#
#.....############' ..#
#.....'.##......... ..#
#######...>.#..z.........
..###.....'.....####.z.......
.)).).#####.....# #.........
..##### #.....# #...<.....


You could see an orc warrior and a scorpion.

Vanquished Creatures
  Sigmund (D:4)
  A golden eye (D:9)
  A hippogriff (D:7)
  A centaur (D:6)
  5 ogres
  An orc warrior (D:6)
  3 ice beasts
  A big kobold (D:9)
  Blork the orc (D:6)
  A giant frog (D:8)
  2 wyvern zombies
  A water moccasin zombie (D:9)
  2 killer bees (D:7)
  A scorpion (D:8)
  2 bog bodies (Ossuary)
  2 orc priests (D:8)
  3 crimson imps
  5 giant frog zombies
  3 wights (D:7)
  2 centaur zombies (Ossuary)
  5 hounds
  Ijyb (D:2)
  A centaur skeleton (D:7)
  4 orc wizards
  2 worker ants
  A gnoll shaman (D:7)
  Natasha (thrice) (D:4)
  2 iguanas
  2 killer bee zombies
  2 hound zombies (D:7)
  10 mummies (Ossuary)
  4 worker ant zombies (Ossuary)
  9 gnolls
  7 adders
  3 shadow imps
  2 oozes
  3 adder skeletons
  3 adder zombies
  6 worms
  4 giant geckos
  16 orcs
  3 giant cockroaches
  12 goblins
  9 hobgoblins
  16 jackals
  3 quokkas
  3 ball pythons
  A ball python skeleton (D:4)
  9 bats
  A giant cockroach zombie (Ossuary)
  A giant gecko skeleton (D:4)
  A giant gecko zombie (Ossuary)
  7 giant newts
  A jackal zombie (Ossuary)
  13 kobolds
  A quokka zombie (D:6)
  14 rats
224 creatures vanquished.

Vanquished Creatures (collateral kills)
  Eustachio (D:6)
  2 killer bees (D:7)
  A crimson imp (D:7)
  A worker ant zombie (D:6)
  A gnoll (D:7)
6 creatures vanquished.

Vanquished Creatures (others)
  6 plants (Ossuary)
6 creatures vanquished.

Grand Total: 236 creatures vanquished

Notes
Turn   | Place    | Note
--------------------------------------------------------------
     0 | D:1      | Izanagi the Vine Stalker Air Elementalist began the quest for the Orb.
     0 | D:1      | Reached XP level 1. HP: 9/9 MP: 4/4
   169 | D:1      | Reached XP level 2. HP: 13/13 MP: 3/6
   177 | D:1      | Learned a level 2 spell: Swiftness
   180 | D:1      | Learned a level 2 spell: Repel Missiles
   998 | D:2      | Found a basalt altar of Yredelemnul.
   998 | D:2      | Found a sparkling altar of Nemelex Xobeh.
   999 | D:2      | Found a blossoming altar of Fedhas.
  1000 | D:2      | Reached XP level 3. HP: 16/16 MP: 4/7
  1013 | D:2      | Became a worshipper of Nemelex Xobeh the Trickster
  1165 | D:2      | Received a gift from Nemelex Xobeh
  1343 | D:2      | Found a faded altar to an unknown god.
  1691 | D:2      | Reached XP level 4. HP: 18/21 MP: 6/9
  1701 | D:2      | Learned a level 3 spell: Static Discharge
  1890 | D:2      | Reached skill level 4 in Air Magic
  1931 | D:2      | Noticed Ijyb
  1985 | D:2      | Killed Ijyb
  2394 | D:3      | Received a gift from Nemelex Xobeh
  2608 | D:3      | Reached XP level 5. HP: 24/24 MP: 7/10
  3359 | D:4      | Gained mutation: You heal very quickly. [Vine Stalker growth]
  3359 | D:4      | Reached XP level 6. HP: 23/28 MP: 0/12
  3518 | D:4      | Found a staircase to the Ecumenical Temple.
  3582 | D:4      | Noticed Natasha
  3586 | D:4      | Killed Natasha
  3642 | D:4      | Noticed Natasha
  3646 | D:4      | Killed Natasha
  3891 | D:4      | Noticed Natasha
  3892 | D:4      | Killed Natasha
  3920 | D:4      | Noticed Sigmund
  3933 | D:4      | Killed Sigmund
  3933 | D:4      | Reached skill level 5 in Air Magic
  3933 | D:4      | Reached XP level 7. HP: 25/32 MP: 1/15
  3940 | D:4      | Learned a level 5 spell: Lightning Bolt
  4135 | D:5      | Entered Level 5 of the Dungeon
  4145 | D:5      | Received a gift from Nemelex Xobeh
  4345 | D:5      | Noticed a moth of wrath
  4349 | D:5      | Found a bloodstained altar of Trog.
  4713 | D:5      | Reached skill level 5 in Spellcasting
  4853 | D:5      | Found Terum's Antique Armour Shop.
  5127 | D:6      | Noticed Eustachio
  5149 | D:6      | Killed Eustachio
  5149 | D:6      | Gained mutation: You have razor-sharp teeth. [Vine Stalker growth]
  5149 | D:6      | Reached XP level 8. HP: 15/36 MP: 1/17
  5295 | D:6      | Acquired Nemelex Xobeh's first power
  5347 | D:6      | Reached skill level 6 in Air Magic
  5437 | D:6      | Noticed Blork the orc
  5443 | D:6      | Killed Blork the orc
  5749 | D:6      | Received a gift from Nemelex Xobeh
  6517 | D:7      | Reached skill level 7 in Spellcasting
  6563 | D:7      | Reached XP level 9. HP: 13/39 MP: 0/21
  6854 | D:7      | Reached skill level 8 in Spellcasting
  7020 | D:7      | Received a gift from Nemelex Xobeh
  7123 | D:7      | Found an opulent altar of Gozag.
  7416 | D:8      | Found a radiant altar of Vehumet.
  7464 | D:8      | Reached skill level 5 in Conjurations
  7799 | D:8      | Found a sand-covered staircase.
  7853 | Ossuary  | Entered an ossuary
  8399 | Ossuary  | Reached skill level 9 in Spellcasting
  8569 | D:8      | Found a stormy altar of Qazlal.
  8841 | D:9      | Noticed a fire drake
  8845 | D:9      | a fire drake changed into a golden eye
  8872 | D:9      | Reached XP level 10. HP: 31/44 MP: 0/24
  9304 | D:9      | Acquired Nemelex Xobeh's second power
  9400 | D:9      | Slain by an orc warrior

Vault maps used:
D:1:      dpeg_arrival_round_b
D:2:      kennysheep_goblin_castle, gammafunk_temple_overflow_claw,
          ecumenical_altar_2
D:3:      serial_bayou, serial_bayou_lagoon_a, serial_bayou_pond_b,
          serial_bayou_pond_d, serial_bayou_pond_d
D:4:      minmay_temple_entry_hall, minmay_misc_feat_doors, st_stairs_11,
          uniq_natasha, uniq_sigmund
D:5:      tgw_trog, serial_shops, shop, first_bread
D:6:      feat_on_display, uniq_blork_the_orc, uniq_eustachio
D:7:      nicolae_gozag_seed_capital
D:8:      grunt_temple_overflow_lords_of_destruction,
          grunt_temple_overflow_cloverleaf, basic_altar,
          nicolae_ossuary_entry_ruins
D:9:      minmay_lair_entry_lava, david_orc_2
Ossuary:  ossuary_zaba_flooded

Action                   |  1- 3 |  4- 6 |  7- 9 | 10-12 || total
-------------------------+-------+-------+-------+-------++-------
Melee: Unarmed           |    47 |    56 |    56 |    21 ||   180
 Fire: Hunting sling     |       |     7 |       |       ||     7
       Blowgun           |       |     7 |     1 |       ||     8
       Hand crossbow     |       |       |     5 |       ||     5
 Cast: Shock             |    70 |   146 |   324 |    35 ||   575
       Swiftness         |     1 |     1 |     1 |       ||     3
       Static Discharge  |       |    14 |    21 |     2 ||    37
       Repel Missiles    |       |     1 |       |       ||     1
       Lightning Bolt    |       |       |    22 |     7 ||    29
Evoke: Deck              |       |     3 |    26 |     1 ||    30
  Use: Scroll            |     4 |    12 |     8 |     1 ||    25
  Eat: Bread ration      |     1 |     2 |     4 |       ||     7
       Pizza             |       |       |     2 |       ||     2
       Beef jerky        |       |       |     1 |       ||     1
       Chunk             |       |       |       |     2 ||     2
